 Dungeon Crawl Stone Soup version 0.26.1-11-gd32895ea62 (webtiles) character file.

Game seed: 4728433472170036786

189619 oldpz the Warrior (level 17, -2/360 HPs)
             Began as a Minotaur Berserker on June 12, 2021.
             Was a High Priest of Trog.
             Slain by a lorocyproca (7 damage)
             ... created by a Zot trap
             ... on level 3 of the Spider Nest on June 14, 2021.
             The game lasted 04:19:10 (39111 turns).

oldpz the Warrior (Minotaur Berserker)             Turns: 39111, Time: 04:19:12

Health: -2/360     AC: 23    Str: 35      XL:     17   Next: 51%
Magic:  7/12       EV:  2    Int: 10 (11) God:    Trog [*****.]
Gold:   639        SH:  0    Dex:  7 (10) Spells: 16/16 levels left

rFire    + + .     SeeInvis .   I - +7 whip "Bovvu" {venom, rPois Int+3}
rCold    . . .     Faith    .   j - +0 kite shield {AC+3}
rNeg     + + +     Spirit   .   (armour currently unavailable)
rPois    +         Reflect  .   (helmet currently unavailable)
rElec    .         Harm     .   (cloak currently unavailable)
rCorr    .         Rampage  .   (gloves currently unavailable)
Will     ++++.     NoTele   +   (boots currently unavailable)
Stlth    ..........             C - amulet "Voacvudd" {Will- Regen+ Str+4 Int+2}
HPRegen  2.10/turn              f - ring "Loygicw" {rPois Will+ EV+4}
MPRegen  0.13/turn              O - ring "Opha" {rF++ Will+ EV+4 Int+2}

@: confused, berserking (expiring), lethally poisoned (-2 -> -2), tree-form,
corroded, held, regenerating (expiring), hasted, very quick
A: (retaliatory headbutt), low mp 2, strong 1
}: 1/15 runes: gossamer
a: Renounce Religion, Berserk, Trog's Hand, Brothers in Arms


You were on level 3 of the Spider Nest.
You worshipped Trog.
Trog was extremely pleased with you.
You were a tree.
You visited 4 branches of the dungeon, and saw 27 of its levels.

You collected 2984 gold pieces.
You spent 2345 gold pieces at shops.

Inventory:

Hand Weapons
 d - a +0 battleaxe
 D - a +2 battleaxe of venom
 I - the +7 whip "Bovvu" (weapon) {venom, rPois Int+3}
   (You took it off a gnoll on level 6 of the Dungeon)

   It poisons the flesh of those it strikes.
   It affects your intelligence (+3).
   It protects you from poison.
Armour
 c - +0 fire dragon scales
 j - a +0 kite shield of protection (worn)
 k - a +1 chain mail of fire resistance
 m - a +2 cloak (melded)
 n - a +2 tower shield
 p - a scarf of invisibility
 z - a +2 plate armour of positive energy
 E - the +0 scale mail of Xocsuihi (melded) {rElec Regen+ Dex-5}
   (You found it on level 3 of the Spider Nest)

   It affects your dexterity (-5).
   It insulates you from electricity.
   It increases your rate of regeneration.
 K - a +0 pair of gloves (melded)
 N - a +4 plate armour
 U - a +0 ring mail of cold resistance
 V - a +0 pair of boots (melded)
 Y - +0 acid dragon scales
Jewellery
 f - the ring "Loygicw" (left branch) {rPois Will+ EV+4}
   (You bought it in a shop on level 2 of the Orcish Mines)

   [ring of evasion]

   It affects your evasion (+4).
   It protects you from poison.
   It affects your willpower, your defense against some magical effects.
 g - an uncursed ring of ice
 l - a +4 ring of slaying
 o - an uncursed ring of fire
 r - the ring "Cenweny" {+Fly rF+ rC++ Str-3 SInv}
   (You found it on level 2 of the Lair of Beasts)

   [ring of protection from fire]

   It affects your strength (-3).
   It protects you from fire.
   It greatly protects you from cold.
   It lets you see invisible.
   It lets you fly.
 s - an uncursed ring of magical power
 A - a +6 ring of intelligence
 C - the amulet "Voacvudd" (around neck) {Will- Regen+ Str+4 Int+2}
   (You bought it in a shop on level 2 of the Orcish Mines)

   [amulet of regeneration]

   It affects your strength (+4).
   It affects your intelligence (+2).
   It affects your willpower, your defense against some magical effects.
   It increases your rate of regeneration.
 O - the ring "Opha" (right branch) {rF++ Will+ EV+4 Int+2}
   (You bought it in a shop on level 2 of the Orcish Mines)

   [ring of evasion]

   It affects your evasion (+4).
   It affects your intelligence (+2).
   It greatly protects you from fire.
   It affects your willpower, your defense against some magical effects.
 R - an uncursed ring of ice
Wands
 u - a wand of paralysis (2)
 v - a wand of enslavement (7)
 J - a wand of polymorph (8)
 P - a wand of acid (11)
 Q - a wand of iceblast (7)
 Z - a wand of flame (10)
Scrolls
 b - 3 scrolls of magic mapping
 h - 2 scrolls of immolation
 i - 2 scrolls of blinking
 w - a scroll of enchant weapon
 y - a scroll of summoning
 B - 12 scrolls of teleportation
 G - 6 scrolls of remove curse
 H - a scroll of fog
 W - 11 scrolls of fear
Potions
 a - 2 potions of curing
 e - a potion of berserk rage {unknown}
 q - a potion of might
 t - 2 potions of haste
 F - 2 potions of mutation
 L - 2 potions of brilliance
 M - a potion of flight
 S - 2 potions of ambrosia
 T - a potion of magic {unknown}
 X - a potion of lignification
Miscellaneous
 x - a condenser vane


   Skills:
 + Level 16.7 Fighting
 + Level 16.7 Axes
 + Level 16.6 Armour
 + Level 15.4 Dodging
 - Level 15.0 Shields
 - Level 7.1 Evocations


You had 16 spell levels left.
You didn't know any spells.
Your spell library contained the following spells:

 Spells                   Type           Power        Failure   Level
 Animate Skeleton         Necr           0%           36%         1
 Apportation              Tloc           0%           36%         1
 Corona                   Hex            0%           36%         1
 Foxfire                  Conj/Fire      0%           36%         1
 Freeze                   Ice            0%           36%         1
 Magic Dart               Conj           0%           36%         1
 Pain                     Necr           0%           36%         1
 Summon Small Mammal      Summ           0%           36%         1
 Searing Ray              Conj           0%           50%         2
 Conjure Flame            Conj/Fire      0%           75%         3
 Dazzling Flash           Conj/Hex       0%           75%         3
 Frozen Ramparts          Ice            0%           75%         3
 Inner Flame              Hex/Fire       0%           75%         3
 Lesser Beckoning         Tloc           0%           75%         3
 Ozocubu's Armour         Ice            0%           75%         3
 Tukima's Dance           Hex            0%           75%         3
 Vampiric Draining        Necr           0%           75%         3
 Animate Dead             Necr           0%           98%         4
 Fulminant Prism          Conj/Hex       0%           98%         4
 Hailstorm                Conj/Ice       0%           98%         4
 Iskenderun's Mystic Bla  Conj/Tloc      0%           98%         4
 Leda's Liquefaction      Hex/Erth       0%           98%         4
 Sticky Flame             Conj/Fire      0%           98%         4
 Summon Ice Beast         Ice/Summ       0%           98%         4
 Agony                    Necr           0%           100%        5
 Alistair's Intoxication  Tmut/Pois      0%           100%        5
 Bolt of Magma            Conj/Fire/Erth 0%           100%        5
 Fireball                 Conj/Fire      0%           100%        5
 Invisibility             Hex            0%           100%        6
 Iron Shot                Conj/Erth      0%           100%        6
 Statue Form              Tmut/Erth      0%           100%        6
 Shatter                  Erth           0%           100%        9


Dungeon Overview and Level Annotations

Branches:
Dungeon (15/15)            Temple (0/1) D:4            Lair (6/6) D:11
 Shoals (0/4) Lair:4       Spider (4/4) Lair:3          Orc (2/2) D:9
    Elf (0/3) Orc:2        Depths (0/5) D:15
  Slime: Lair:5-6    Vaults: D:13-14

Altars:
Ashenzari
Cheibriados
Dithmenos
Elyvilon
Fedhas
Kikubaaqudgha
Makhleb
Okawaru
Uskayaw
Vehumet
Xom
Zin
The Shining One
Beogh

Shops:
Orc:2 [*(=

Annotations:
Lair:6 exclusion: 2 oklob plants
Spider:3 1 transporter


Innate Abilities, Weirdness & Mutations

((You reflexively headbutt those who attack you in melee.))
((You have a pair of horns on your head.))
((Armour fits poorly on your strangely shaped body.))
Your magical capacity is very low. (-20% MP)
Your muscles are strong. (Str +2)


Message History

The jumping spider pounces on you.
* * * LOW HITPOINT WARNING * * *
You are even more entangled.
The jumping spider bites you but does no damage.
You struggle to detach yourself from the web.
You feel the effects of Trog's Hand fading.
Something hits you but does no damage. The jumping spider barely misses you.
The jumping spider bites you but does no damage.
The wolf spider hits you but does no damage.
The wolf spider bites you!
* * * LOW HITPOINT WARNING * * *
You are poisoned.
The wolf spider poisons you!
You struggle to detach yourself from the web.
You feel your anger nearly subside.
You feel sick. The jumping spider pounces on you!
* * * LOW HITPOINT WARNING * * *
The jumping spider completely misses you.
Something hits you!
You die...

^...##...........#...##....#.^##
....#....##.^(............##...##
#######..#^....©....#..####^^...
.#......##############...#.....
.........# ##### #..###..####
#..#...#.# ######### #^...#.....#
^..#^#.### #.^^©^..# ##.........>
..###### #....{..# ##....##...
#...# #...s♣..# ##....##.. ##..#
#^.##s##.^# #^#.†.### #.##
#..^..s.....# ###.....^ ###
#.^##.#.#^##^.# #....#..#
##......^^ .## #....#.†. #.#^
.#^# .# #....#.^. ^ #....? ^
###..#..# ...B # #.##..# #####..


You could see a wolf spider, a jumping spider (berserk, poisoned) and a
tarantella.

Vanquished Creatures
  Donald (Spider:4)
  2 ghost moths
  Louise (Spider:1)
  6 emperor scorpions (Spider:4)
  An orc warlord (Orc:2)
  2 spark wasps
  4 entropy weavers
  Azrael (D:12)
  A minotaur (Orc:1)
  The ghost of Elebi the Grappler, a journeyman DrTm of Yredelemnul (Lair:2)
  An ettin (D:14)
  The ghost of Shungite the Cleaver, a journeyman MiFi (Orc:1)
  Fannar (Lair:1)
  8 hydras
  A naga warrior (Orc:2)
  7 boulder beetles
  8 centaur warriors
  5 death yaks
  The ghost of JakersMate the Covert, a novice GnDe of Makhleb (Lair:2)
  5 two-headed ogres
  A tengu warrior (D:14)
  2 orc high priests
  A deep elf knight (Orc:1)
  Urug (D:12)
  2 unseen horrors
  A spectral death yak (Lair:5)
  4 skeletal warriors (D:15)
  A spectral hydra (Lair:5)
  A deep troll (D:15)
  5 orc sorcerers
  19 ugly things
  5 orc knights
  17 orb spiders
  A deep elf mage (D:14)
  25 wolf spiders
  A manticore (D:12)
  3 moths of wrath
  3 cyclopes
  2 centaur zombies
  4 elephants
  5 black mambas
  A cane toad (shapeshifter) (D:13)
  A gargoyle (D:12)
  Psyche (D:12)
  11 cane toads
  6 rime drakes
  3 kobold demonologists
  21 demonic crawlers
  An efreet (D:15)
  6 komodo dragons
  4 tengu conjurers
  44 jumping spiders
  A queen bee (shapeshifter) (D:15)
  4 polar bears
  3 meliai
  6 trolls
  15 hornets
  15 slime creatures
  30 blink frogs
  A meliai zombie (D:13)
  11 dream sheep (Lair:6)
  A snapping turtle (Lair:4)
  A centaur simulacrum (D:15)
  13 spriggans (Lair:6)
  A shadow (D:15)
  A water elemental (D:14)
  63 redbacks
  35 tarantellas
  11 wyverns
  A vampire (D:14)
  53 yaks
  2 wraiths (D:15)
  3 fire elementals (D:12)
  5 basilisks
  A vampire mosquito (D:15)
  A spectral cane toad (Lair:5)
  4 wargs
  3 acid dragons
  A hydra simulacrum (Lair:6)
  14 water moccasins
  36 orc warriors
  Duvessa (D:4)
  3 hell hounds (D:12)
  A black bear (shapeshifter) (D:15)
  7 black bears
  4 boggarts (Lair:6)
  A phantom (D:8)
  A boulder beetle simulacrum (Lair:6)
  3 ice beasts
  5 sky beasts
  An eye of draining (D:14)
  8 ogres
  18 centaurs
  22 wolves
  2 big kobolds (D:13)
  Blork the orc (D:6)
  30 bullfrogs
  A cane toad simulacrum (Lair:6)
  7 scorpions
  Dowan (D:4)
  27 wights
  An electric eel (D:8)
  7 howler monkeys
  2 quasits
  A bullfrog zombie (D:7)
  6 centaur skeletons
  22 orc priests
  Crazy Yiuf (D:4)
  2 bullfrog skeletons
  7 hounds
  3 jellies
  24 orc wizards
  4 iguanas
  11 worker ants
  A hound zombie (D:8)
  2 hound skeletons
  A howler monkey zombie (D:5)
  Robin (D:4)
  12 gnolls
  11 adders
  3 shadow imps
  A white imp (D:7)
  2 ufetubi
  An ooze (D:7)
  2 adder skeletons
  A worm (D:3)
  3 leopard geckos
  98 orcs
  A ball python (D:2)
  4 bats
  6 giant cockroaches
  12 goblins
  7 hobgoblins
  13 jackals
  11 kobolds
  8 quokkas
  6 frilled lizards
  A leopard gecko skeleton (D:5)
  A quokka skeleton (D:8)
  6 rats
1047 creatures vanquished.

Vanquished Creatures (collateral kills)
  The ghost of Domino the Cleaver, a journeyman MiBe of Trog (Lair:5)
  A spectral black mamba (Lair:5)
2 creatures vanquished.

Vanquished Creatures (others)
  A ghost moth (Spider:3)
  A jumping spider (Spider:1)
  An orc warrior (Orc:1)
  52 fungi
  50 plants
  6 withered plants (Lair:2)
111 creatures vanquished.

Grand Total: 1160 creatures vanquished

Notes
Turn   | Place    | Note
-------+----------+-------------------------------------------
     0 | D:1      | oldpz the Minotaur Berserker began the quest for the Orb.
     0 | D:1      | Reached XP level 1. HP: 19/19 MP: 0/0
   196 | D:1      | HP: 1/20 [goblin/+0 dagger (1)]
   657 | D:1      | Reached XP level 2. HP: 25/27 MP: 1/1
  1428 | D:2      | Reached XP level 3. HP: 29/33 MP: 2/2
  1496 | D:2      | Found a white marble altar of Elyvilon.
  1967 | D:2      | Reached XP level 4. HP: 32/41 MP: 3/3
  2078 | D:3      | Reached ** piety under Trog
  2411 | D:2      | Reached XP level 5. HP: 47/47 MP: 4/4
  2881 | D:3      | Reached skill level 5 in Fighting
  2881 | D:3      | Reached skill level 5 in Axes
  2943 | D:3      | Gained mutation: Your magical capacity is low. (-10% MP)
                  | [potion of mutation]
  2943 | D:3      | Gained mutation: Your magical capacity is very low. (-20%
                  | MP) [potion of mutation]
  2943 | D:3      | Gained mutation: Your muscles are strong. (Str +2) [potion
                  | of mutation]
  3019 | D:4      | Found a staircase to the Ecumenical Temple.
  3062 | D:4      | Noticed an ogre
  3070 | D:4      | Killed an ogre
  3071 | D:4      | Reached XP level 6. HP: 37/56 MP: 3/3
  3195 | D:4      | Noticed Robin
  3212 | D:4      | Killed Robin
  3341 | D:4      | Noticed Dowan
  3342 | D:4      | Noticed Duvessa
  3374 | D:4      | Killed Dowan
  3381 | D:4      | Killed Duvessa
  3382 | D:4      | Reached skill level 5 in Armour
  3382 | D:4      | Reached XP level 7. HP: 53/62 MP: 4/4
  3774 | D:4      | Reached skill level 5 in Dodging
  3963 | D:4      | Found a runed translucent door.
  3964 | D:4      | Noticed Crazy Yiuf
  3970 | D:4      | Killed Crazy Yiuf
  4220 | D:5      | Entered Level 5 of the Dungeon
  4220 | D:5      | Found Zin's Purification Station.
  4220 | D:5      | Found a glowing silver altar of Zin.
  4415 | D:5      | Noticed a +0 hand axe
  4416 | D:5      | Noticed a +0 dagger
  4420 | D:5      | Found a hide-covered altar of Uskayaw.
  4463 | D:5      | Found an ancient bone altar of Kikubaaqudgha.
  4494 | D:5      | Reached *** piety under Trog
  4495 | D:5      | Reached XP level 8. HP: 64/71 MP: 5/5
  5124 | D:5      | Found a burning altar of Makhleb.
  5124 | D:5      | Noticed a balrug
  5358 | D:5      | Bought a potion of curing for 90 gold pieces
  5489 | D:6      | Noticed Blork the orc
  5513 | D:6      | Killed Blork the orc
  5750 | D:6      | Found an iron altar of Okawaru.
  6867 | D:7      | Identified the +7 whip "Bovvu" {venom, rPois Int+3}
  6936 | D:6      | Reached XP level 9. HP: 58/81 MP: 6/6
  7378 | D:7      | Reached skill level 1 in Shields
  8486 | D:8      | Paralysed by a hornet for 1 turns
  9552 | D:8      | Found an iron altar of Okawaru.
  9553 | D:8      | Found a blossoming altar of Fedhas.
 10070 | D:9      | Noticed a two-headed ogre
 10081 | D:9      | Killed a two-headed ogre
 10082 | D:9      | Reached XP level 10. HP: 83/91 MP: 7/7
 10472 | D:9      | Reached skill level 5 in Shields
 10498 | D:9      | Reached **** piety under Trog
 10982 | D:9      | Found a staircase to the Orcish Mines.
 11036 | D:9      | Found a roughly hewn altar of Beogh.
 11356 | D:10     | Entered Level 10 of the Dungeon
 11400 | D:10     | Reached skill level 1 in Evocations
 11759 | D:10     | Reached skill level 10 in Axes
 12016 | D:11     | Noticed a boulder beetle
 12021 | D:11     | Reached skill level 10 in Fighting
 12052 | D:11     | Killed a boulder beetle
 12086 | D:11     | Reached XP level 11. HP: 99/99 MP: 7/7
 12331 | D:11     | Reached skill level 10 in Armour
 12359 | D:11     | Noticed a red ugly thing
 12371 | D:11     | Killed a red ugly thing
 13529 | D:11     | Killed an unseen horror
 13530 | D:11     | Found a staircase to the Lair.
 13572 | Lair:1   | Entered Level 1 of the Lair of Beasts
 13574 | Lair:1   | Noticed a boulder beetle
 13596 | Lair:1   | Killed a boulder beetle
 14039 | Lair:1   | Noticed Fannar
 14059 | Lair:1   | Killed Fannar
 14494 | Lair:2   | Reached skill level 10 in Dodging
 14562 | Lair:2   | Reached XP level 12. HP: 110/110 MP: 8/8
 14572 | Lair:2   | Noticed a six-headed hydra
 14580 | Lair:2   | Killed a six-headed hydra
 14643 | Lair:2   | Noticed a four-headed hydra
 14656 | Lair:2   | Killed a four-headed hydra
 14686 | Lair:2   | Found a runed translucent gate.
 14687 | Lair:2   | Found a runed translucent gate.
 14688 | Lair:2   | Found a runed translucent gate.
 14859 | Lair:2   | Noticed JakersMate's ghost (novice GnDe)
 14859 | Lair:2   | Noticed Elebi's ghost (journeyman DrTm)
 15170 | Lair:2   | Killed Elebi's ghost
 15171 | Lair:2   | Reached skill level 5 in Evocations
 15185 | Lair:2   | Killed JakersMate's ghost
 15210 | Lair:2   | Got a coiled tin ring
 15213 | Lair:2   | Identified the ring "Cenweny" {+Fly rF+ rC++ Str-3 SInv}
                  | (You found it on level 2 of the Lair of Beasts)
 15286 | Lair:3   | Reached ***** piety under Trog
 16745 | Lair:3   | Found a hole to the Spider Nest.
 17072 | Lair:4   | Noticed a death yak
 17072 | Lair:4   | Noticed a death yak
 17073 | Lair:4   | Noticed a death yak
 17074 | Lair:4   | Noticed a death yak
 17074 | Lair:4   | Noticed a death yak
 17106 | Lair:3   | Killed a death yak
 17111 | Lair:3   | Killed a death yak
 17116 | Lair:3   | Killed a death yak
 17117 | Lair:3   | Reached XP level 13. HP: 56/118 MP: 9/9
 18070 | Lair:4   | Found a staircase to the Shoals.
 18766 | Lair:5   | Received a gift from Trog
 18773 | Lair:5   | Reached skill level 10 in Shields
 19910 | Lair:5   | You fall into a shaft and drop 1 floor!
 19910 | Lair:6   | Entered Level 6 of the Lair of Beasts
 19910 | Lair:6   | Found a shimmering altar of Xom.
 20694 | Lair:6   | Received a gift from Trog
 21117 | Lair:6   | Reached XP level 14. HP: 71/129 MP: 10/10
 21353 | Lair:6   | Found a runed translucent gate.
 21353 | Lair:6   | Found a runed translucent gate.
 21356 | Lair:6   | Found a runed translucent gate.
 22908 | Lair:6   | Noticed Domino's ghost (journeyman MiBe)
 22997 | Lair:5   | Killed Domino's ghost
 24301 | Orc:1    | Entered Level 1 of the Orcish Mines
 24665 | Orc:1    | Found a roughly hewn altar of Beogh.
 25050 | Orc:2    | Entered Level 2 of the Orcish Mines
 25050 | Orc:2    | Found a runed translucent gate.
 25050 | Orc:2    | Found a runed translucent gate.
 25050 | Orc:2    | Found a runed translucent gate.
 25051 | Orc:2    | Noticed Shungite's ghost (journeyman MiFi)
 25189 | Orc:2    | Found Maipuant's General Store.
 25197 | Orc:2    | Bought a scroll of blinking for 112 gold pieces
 25197 | Orc:2    | Bought 2 potions of curing for 90 gold pieces
 25274 | Orc:2    | Gained mutation: Armour fits poorly on your strangely
                  | shaped body. [a neqoxec]
 25286 | Orc:2    | Paralysed by a chaos spawn for 5 turns
 25300 | Orc:2    | Found an iron altar of Okawaru.
 25707 | Orc:2    | Found Mimn's Antique Weapon Shop.
 25964 | Orc:2    | Found a staircase to the Elven Halls.
 26103 | Orc:2    | Noticed an orc warlord
 26240 | Orc:2    | Killed an orc warlord
 26533 | Orc:2    | Found Zoaschymo's Antique Armour Emporium.
 26543 | Orc:2    | Found a roughly hewn altar of Beogh.
 27020 | Orc:2    | Found Nijuylurao's Jewellery Shop.
 27248 | Orc:2    | Bought a battleaxe for 201 gold pieces
 27280 | Orc:2    | Bought the ring "Loygicw" {rPois Will+ EV+4} for 580 gold
                  | pieces
 27280 | Orc:2    | Bought the amulet "Voacvudd" {Will- Regen+ Str+4 Int+2} for
                  | 499 gold pieces
 27280 | Orc:2    | Bought the ring "Opha" {rF++ Will+ EV+4 Int+2} for 773 gold
                  | pieces
 27530 | Orc:1    | Killed Shungite's ghost
 27648 | Orc:1    | Reached XP level 15. HP: 72/138 MP: 11/11
 28111 | D:12     | Noticed Urug
 28131 | D:12     | Killed Urug
 28166 | D:12     | Found a snail-covered altar of Cheibriados.
 28283 | D:12     | Found a flagged portal.
 28359 | D:12     | Noticed Psyche
 28364 | D:12     | Killed Psyche
 28468 | D:12     | Noticed Azrael
 28481 | D:12     | Killed Azrael
 28529 | D:12     | Found a broken altar of Ashenzari.
 29258 | D:13     | Found a glowing golden altar of the Shining One.
 30472 | D:14     | Found a radiant altar of Vehumet.
 30604 | D:14     | Found a shadowy altar of Dithmenos.
 31169 | D:15     | Entered Level 15 of the Dungeon
 31288 | D:15     | Found a staircase to the Depths.
 31344 | D:15     | Reached skill level 15 in Fighting
 31344 | D:15     | Reached skill level 15 in Axes
 31687 | D:15     | Reached skill level 15 in Armour
 31928 | D:15     | Reached XP level 16. HP: 149/149 MP: 11/11
 32745 | Spider:1 | Entered Level 1 of the Spider Nest
 33367 | Spider:1 | Noticed Louise
 33393 | Spider:1 | Killed Louise
 35720 | Spider:3 | Found a transporter.
 35732 | Spider:3 | Got a jewelled scale mail
 35743 | Spider:3 | Identified the cursed +0 scale mail of Xocsuihi {rElec
                  | Regen+ Dex-5} (You found it on level 3 of the Spider Nest)
 36122 | Spider:4 | Entered Level 4 of the Spider Nest
 36496 | Spider:4 | Noticed Donald
 36528 | Spider:4 | Killed Donald
 37072 | Spider:4 | Reached XP level 17. HP: 143/158 MP: 12/12
 37287 | Spider:4 | Reached skill level 15 in Dodging
 37999 | Spider:4 | Reached skill level 15 in Shields
 38508 | Spider:4 | Got a gossamer rune of Zot
 38898 | Spider:3 | Found a transporter.
 39111 | Spider:3 | HP: 5/360 [jumping spider (16)]
 39111 | Spider:3 | Slain by a lorocyproca

Illustrated notes

Levels and vault maps discovered:
D:1:      roderic_octagonal_star, layout_basic, chequers_serial_rivers_large_b,
          amcnicky_mini_corridor_feature, chequers_serial_rivers_room_b,
          chequers_serial_rivers_micro_a
D:2:      layout_rooms, elyvilon_altar_3
D:3:      layout_rooms
D:4:      layout_rooms, minmay_temple_entry_glassed_door, serial_forest,
          infiniplex_forest_pool, infiniplex_forest_straight_4,
          infiniplex_forest_clump_small, infiniplex_forest_clump_curved,
          infiniplex_forest_end_2, infiniplex_forest_straight_2,
          infiniplex_forest_clump_small, infiniplex_forest_clump_long,
          uniq_crazy_yiuf_cottage, uniq_duvessa, uniq_robin
D:5:      layout_layer_cave, makhleb_altar_promises_db, dancing_weapons_uskayaw,
          zin_purify, basic_altar, serial_bayou_pond_d,
          kennysheep_generic_room_6
D:6:      layout_gridville, kennysheep_okawaru_gauntlet, uniq_blork_the_orc
D:7:      layout_rooms, nicolae_lava_and_water
D:8:      layout_basic, gammafunk_temple_overflow_statue, chequers_big_river
D:9:      layout_basic, minmay_orc_entry_temple_small,
          minmay_misc_feat_four_crosses, st_stairs_10
D:10:     layout_gridville
D:11:     layout_basic, erik_lair_dragon, minmay_misc_feat_five
D:12:     layout_roguey, basic_altar, enter_bailey_2, lemuel_centaur_altar,
          uniq_azrael, uniq_psyche, uniq_urug
D:13:     layout_loops_ring, basic_altar
D:14:     layout_loops_ring, grunt_vaults_entry_fortified, nicolae_wwwww,
          basic_altar, nicolae_water_bricks, grunt_dithmenos_smoke_and_mirrors
D:15:     hangedman_depths_entry_civil_slaughter, layout_irregular_city,
          nrook_mini_backslash, st_stairs_5
Lair:1:   layout_roguey, nzn_sisyphean_effort, uniq_fannar
Lair:2:   layout_chaotic_city, gammafunk_ghost_cemetery,
          hangedman_lair_unloving_vines, chequers_serial_rivers_small_a
Lair:3:   layout_regular_city, spider_nest_entry_rubble, serial_bayou_shore_a,
          infiniplex_staircase_pool_2
Lair:4:   layout_gridlike, minmay_shoals_entry_hut
Lair:5:   layout_regular_city, grunt_megastairs_5
Lair:6:   minmay_lair_end_enchanted_forest, layout_hall_layers,
          minmay_slime_entry_oklob_enclosed, basic_altar,
          gammafunk_ghost_necromancy
Spider:1: nicolae_spider_mines_1, drop_trap, hangedman_spider_tarantella_strand,
          uniq_louise
Spider:2: layout_chambers
Spider:3: gammafunk_its_a_trap
Spider:4: guppyfry_spider_rune, nicolae_spider_cling_ruins, uniq_donald
Orc:1:    layout_caves, basic_altar
Orc:2:    grunt_orc_gardens, layout_caves, grunt_orc_garden, grunt_orc_garden,
          grunt_orc_garden, grunt_orc_garden, basic_altar,
          gammafunk_ghost_fury_of_okawaru

Skill      XL: |  1  2  3  4  5  6  7  8  9 10 11 12 13 14 15 16 17 |
---------------+----------------------------------------------------+-----
Fighting       | 4 5 6 7 9 10 11 12 13 14 15 16 | 16.7
Axes           | 4 5 6 7 9 10 11 12 13 14 15 16 | 16.7
Armour         | 3 4 5 7 8 9 10 11 12 14 15 16 | 16.6
Dodging        | 3 4 5 6 8 9 10 11 12 13 14 15 | 15.4
Shields        | 4 6 7 9 10 12 13 14 15 | 15.0
Evocations     | 2 4 6 7 |  7.1

Action                   |  1- 3 |  4- 6 |  7- 9 | 10-12 | 13-15 | 16-18 || total
-------------------------+-------+-------+-------+-------+-------+-------++-------
Melee: Hand axe          |    67 |    36 |    31 |       |       |       ||   134
       Headbutt          |     5 |    22 |    78 |   175 |   576 |   336 ||  1192
       Whip              |       |    78 |    14 |   675 |  1869 |  1260 ||  3896
       War axe           |       |       |   312 |    61 |       |       ||   373
       Glaive            |       |       |       |       |    49 |       ||    49
       Battleaxe         |       |       |       |       |    37 |       ||    37
Invok: Berserk           |     2 |     1 |     3 |     2 |     3 |     2 ||    13
       Trog's Hand       |       |     5 |    18 |    11 |    75 |    31 ||   140
       Brothers in Arms  |       |       |       |       |     1 |       ||     1
Evoke: Wand              |       |       |       |     4 |     8 |     2 ||    14
  Use: Potion            |     5 |     5 |     4 |     4 |     5 |     8 ||    31
       Scroll            |     5 |     2 |    10 |    16 |     8 |     3 ||    44
 Stab: Paralysed         |       |       |       |       |     4 |       ||     4
       Held in net/web   |       |       |       |       |       |     2 ||     2
       Invisible         |       |       |       |       |       |     1 ||     1
Armor: Animal skin       |     2 |       |       |       |       |       ||     2
       Ring mail         |    21 |     9 |       |       |       |       ||    30
       Scale mail        |       |    18 |   108 |    18 |       |   240 ||   384
       Chain mail        |       |       |    22 |    42 |       |       ||    64
       Plate armour      |       |       |       |   146 |   546 |   119 ||   811
       Skin              |       |       |       |    13 |    23 |    16 ||    52
Dodge: Dodged            |    50 |    62 |   168 |   171 |   718 |   929 ||  2098
Block: Other             |    10 |    24 |    58 |       |       |       ||    92
       Reflection        |       |     4 |    18 |    16 |    14 |       ||    52
       Kite shield       |       |       |   126 |   494 |  1597 |   881 ||  3098
       Tower shield      |       |       |       |       |       |   114 ||   114
